 Dungeon Crawl Stone Soup version 0.23-a0-650-ga4d50d4d25 (webtiles) character file.

766 Napalmbreeze the Ruffian (level 7, 0/60 (61) HPs)
             Began as a Ghoul Monk on Jan 3, 2019.
             Was a Priest of Yredelemnul.
             Slain by a gnoll
             ... wielding a +0 spear
              (4 damage)
             ... on level 5 of the Dungeon.
             The game lasted 00:11:01 (4584 turns).

Napalmbreeze the Ruffian (Ghoul Monk)               Turns: 4584, Time: 00:11:03

HP:   0/60 (61)     AC: 11    Str: 17    XL:     7   Next: 82%
MP:   7/9           EV:  8    Int:  5    God:    Yredelemnul [***...]
Gold: 224           SH:  0    Dex: 11    Spells: 6/6 levels left

rFire    + . .     SeeInvis .     - Unarmed
rCold    + . .     Gourm    .   (no shield)
rNeg     + + +     Faith    .   s - +0 chain mail
rPois    ∞         Spirit   .   c - +0 helmet
rElec    .         Reflect  .   (no cloak)
rCorr    .         Harm     .   p - +0 pair of gloves
MR       .....                  m - +0 pair of boots
Stlth    ..........             (no amulet)
HPRegen  0.00/turn              i - ring of protection from fire
MPRegen  0.11/turn              (no ring)

@: rotting
A: rotting body, claws 1, carnivore, cold resistance 1, negative energy
resistance 3, inhibited regeneration, torment resistance, unbreathing
a: Recall Undead Slaves, Injury Mirror, Animate Dead, Renounce Religion


You were on level 5 of the Dungeon.
You worshipped Yredelemnul.
Yredelemnul was most pleased with you.
You were not hungry.

You visited 1 branch of the dungeon, and saw 5 of its levels.

You collected 224 gold pieces.

Inventory:

Hand Weapons
 j - a +0 dagger of venom
Missiles
 l - 8 javelins (quivered)
Armour
 c - a +0 helmet (worn)
 m - a +0 pair of boots (worn)
 o - a +2 robe
 p - a +0 pair of gloves (worn)
 s - a +0 chain mail (worn)
Jewellery
 i - a ring of protection from fire (left hand)
 z - an uncursed ring of fire
Wands
 y - a wand of polymorph (12)
Scrolls
 d - a scroll of fog {unknown}
 f - 3 scrolls of remove curse
 h - 4 scrolls of identify
 q - 3 scrolls of teleportation
 v - a scroll of fear {unknown}
 x - a scroll of enchant armour {unknown}
 A - a scroll of immolation {unknown}
 B - a scroll of amnesia {unknown}
Potions
 a - 2 potions of haste {unknown}
 e - a potion of resistance {unknown}
 g - 2 potions of flight {unknown}
 k - a potion of magic {unknown}
 n - a potion of degeneration {unknown}
 r - 3 potions of curing {unknown}
 t - a potion of invisibility {unknown}
 u - a potion of cancellation {unknown}
 w - 3 potions of heal wounds {unknown}
Comestibles
 b - 9 rations


   Skills:
 + Level 5.4 Fighting
 + Level 4.5 Dodging
 - Level 2.1 Stealth
 + Level 6.0 Unarmed Combat
 * Level 4.3 Invocations


You had 6 spell levels left.
You didn't know any spells.
Your spell library contained the following spells:

 Spells                   Type           Power        Failure   Level  Hunger
 Corona                   Hex            #......      100%        1    ##.....
 Slow                     Hex            #.......     100%        2    ###....
 Inner Flame              Hex/Fire       #.......     100%        3    ####...
 Portal Projectile        Hex/Tloc       #.....       100%        3    ####...
 Cause Fear               Hex            #.........   100%        4    #####..
 Leda's Liquefaction      Hex/Erth       #.........   100%        4    #####..


Dungeon Overview and Level Annotations

Branches:
Dungeon (5/15)             Temple (0/1) D:4

Altars:
Ashenzari
Cheibriados
Elyvilon
Trog
Uskayaw
Vehumet
Yredelemnul
Zin

Annotations:
D:5 3 runed doors


Innate Abilities, Weirdness & Mutations

Your body is rotting away.
You thrive on raw meat.
You are immune to poison.
You have sharp fingernails.
You are carnivorous and can eat meat at any time.
Your flesh is cold resistant. (rC+)
You are immune to negative energy. (rN+++)
You do not regenerate when monsters are visible.
You are immune to unholy pain and torment.
You can survive without breathing.


Message History

* * * LOW HITPOINT WARNING * * *
You barely miss the hound.
The hound is almost dead.
The hound bites you but does no damage.
Okay, then.
You hit the hound.
You kill the hound!
Yredelemnul accepts your kill. The gnoll closely misses you.
You closely miss the gnoll. Your punch misses the gnoll.
The gnoll hits you but does no damage. The gnoll hits you with a +0 spear.
* * * LOW HITPOINT WARNING * * *
Unknown command.
You call on the dead to rise...
The dead are walking!
You feel somewhat more hungry.
The gnoll hits you from afar with a +0 spear.
* * * LOW HITPOINT WARNING * * *
The gnoll hits you with a +0 spear.
You die...
Yredelemnul claims you as an undead slave.

##... ######.....# ##..
###....##...#......###..#
####......#.........<..#....
###...##.........###..........
#...(.#..........##....#.....#
..!..............##....#..####
..........##.##.##..#....## ..
.........##ggZ............ ...
............#@.......#........
#........#gg#........#..... .
#........?..##........... #
##.#..$.....##...............#
.............................#
...........#.................#
...........##.................
...........# .............. .
...........# ............. #


You could see 2 gnolls and a friendly gnoll zombie.

Vanquished Creatures
  2 sky beasts (D:5)
  A centaur (D:5)
  A howler monkey (D:5)
  4 hounds
  An orc wizard (D:3)
  Jessica (D:2)
  A worker ant (D:4)
  5 adders
  A gnoll (D:5)
  A shadow imp (D:5)
  3 oozes (D:2)
  8 worms
  2 dart slugs
  6 leopard geckos
  10 orcs (D:3)
  2 ball pythons (D:4)
  2 giant cockroaches (D:4)
  8 hobgoblins
  13 jackals
  3 quokkas
  5 bats
  4 frilled lizards
  9 goblins
  A jackal skeleton (D:5)
  7 kobolds
  A leopard gecko zombie (D:5)
  A quokka skeleton (D:5)
  12 rats
115 creatures vanquished.

Vanquished Creatures (collateral kills)
  A phantom (D:5)
  A worker ant zombie (D:5)
  A gnoll (D:5)
3 creatures vanquished.

Vanquished Creatures (others)
  A sky beast zombie (D:5)
  A frilled lizard zombie (D:5)
  2 leopard gecko zombies (D:5)
4 creatures vanquished.

Grand Total: 122 creatures vanquished

Notes
Turn   | Place    | Note
-------+----------+-------------------------------------------
     0 | D:1      | Napalmbreeze the Ghoul Monk began the quest for the Orb.
     0 | D:1      | Reached XP level 1. HP: 19/19 MP: 0/0
    45 | D:1      | Reached XP level 2. HP: 17/26 MP: 1/1
   502 | D:1      | Reached XP level 3. HP: 15/31 MP: 2/2
   683 | D:1      | Reached skill level 4 in Unarmed Combat
  1238 | D:2      | Noticed Jessica
  1255 | D:2      | Killed Jessica
  1255 | D:2      | Reached XP level 4. HP: 31/40 MP: 3/3
  1417 | D:2      | Noticed a moth of wrath
  1420 | D:2      | Found a bloodstained altar of Trog.
  1797 | D:2      | Found a basalt altar of Yredelemnul.
  1959 | D:2      | Found a white marble altar of Elyvilon.
  2045 | D:2      | Became a worshipper of Yredelemnul the Dark
  2045 | D:2      | Reached * piety under Yredelemnul
  2045 | D:2      | Reached ** piety under Yredelemnul
  2087 | D:2      | Reached XP level 5. HP: 44/46 MP: 4/4
  2116 | D:2      | Reached skill level 5 in Unarmed Combat
  2564 | D:3      | Found a shattered altar of Ashenzari.
  2645 | D:3      | Reached skill level 1 in Invocations
  3161 | D:3      | Reached XP level 6. HP: 52/53 MP: 5/5
  3207 | D:3      | Found a snail-covered altar of Cheibriados.
  3269 | D:3      | Found a hide-covered altar of Uskayaw.
  3274 | D:3      | Reached *** piety under Yredelemnul
  3747 | D:4      | Found a radiant altar of Vehumet.
  3756 | D:4      | Found a staircase to the Ecumenical Temple.
  3988 | D:4      | Found a glowing silver altar of Zin.
  4116 | D:5      | Entered Level 5 of the Dungeon
  4116 | D:5      | Found a snail-covered altar of Cheibriados.
  4116 | D:5      | Noticed a phantom
  4169 | D:5      | Noticed a phantom
  4210 | D:5      | Killed a phantom
  4222 | D:5      | Reached skill level 5 in Fighting
  4222 | D:5      | Reached XP level 7. HP: 11/61 MP: 5/8
  4338 | D:5      | Found a runed gate.
  4338 | D:5      | Found a runed gate.
  4419 | D:5      | Found a runed gate.
  4459 | D:5      | Reached skill level 6 in Unarmed Combat
  4584 | D:5      | Slain by a gnoll

Vault maps used:
D:1:      minmay_arrival_diagonal_passages
D:2:      kennysheep_ying_yang, tgw_trog, minmay_misc_feat_five,
          kennysheep_jessica_study, uniq_jessica
D:3:      lemuel_round_altar, kennysheep_slug_shrine, lemuel_round_altar,
          first_ration
D:4:      zin_statuary, overflow_temple_1_default, minmay_temple_entry_offerings
D:5:      gammafunk_ghost_cemetery, basic_altar, chequers_mini_garden

Skill      XL: |  1  2  3  4  5  6  7 |
---------------+----------------------+-----
Unarmed Combat | 4 5 6 |  6.0
Dodging        | 3 4 |  4.5
Fighting       | 4 5 |  5.4
Invocations    | 1 3 4 |  4.3
Stealth        | |  2.1

Action                   |  1- 3 |  4- 6 |  7- 9 || total
-------------------------+-------+-------+-------++-------
Melee: Unarmed           |   109 |   330 |    70 ||   509
       Punch             |     1 |     3 |       ||     4
Throw: Javelin           |       |     4 |       ||     4
Invok: Injury Mirror     |       |     2 |       ||     2
       Animate Dead      |       |     3 |     3 ||     6
  Use: Scroll            |       |       |     2 ||     2
 Stab: Sleeping          |     4 |     2 |       ||     6
       Distracted        |     1 |       |     2 ||     3
  Eat: Chunk             |     8 |     8 |     1 ||    17
       Ration            |       |     1 |       ||     1
Armor: Robe              |     9 |    38 |       ||    47
       Chain mail        |       |   141 |    47 ||   188
Dodge: Dodged            |    65 |   168 |    31 ||   264

Table legend:
 A = Non-vault XP
 B = Vault XP
 C = Vault XP percentage of total XP
 D = Non-vault monster count
 E = Vault monster count
 F = Vault count percentage of total count
                 A         B        C        D         E       F
            +---------+---------+-------+---------+---------+-------
      Total |    1040 |      55 |   5.0 |     110 |       8 |   6.8
            +---------+---------+-------+---------+---------+-------
        D:1 |      43 |       0 |   0.0 |      26 |       0 |   0.0
        D:2 |      97 |      51 |  34.5 |      22 |       7 |  24.1
        D:3 |     136 |       4 |   2.9 |      33 |       1 |   2.9
        D:4 |      93 |       0 |   0.0 |      10 |       0 |   0.0
        D:5 |     671 |       0 |   0.0 |      19 |       0 |   0.0
            +---------+---------+-------+---------+---------+-------
